 Dungeon Crawl Stone Soup version 0.30-a0-4-ga7cffc901d (webtiles) character file.

Game seed: 1970314811851945989

7 Setbun the Ducker (level 1, -2/16 HPs)
             Began as a Spriggan Berserker on Aug 20, 2022.
             Was a Follower of Trog.
             Slain by a hobgoblin (3 damage)
             ... on level 1 of the Dungeon.
             The game lasted 00:00:22 (357 turns).

Setbun the Ducker (Spriggan Berserker)               Turns: 357, Time: 00:00:22

Health: -2/16      AC:  2    Str: 13    XL:     1   Next: 83%
Magic:  2/2        EV: 18    Int:  8    God:    Trog [*.....]
Gold:   38         SH:  0    Dex: 14    Spells: 0/0 levels left

rFire   . . .      SeeInvis +    a - +0 short sword
rCold   . . .      Faith    .    (no shield)
rNeg    . . .      Spirit   .    b - +0 animal skin
rPois   .          Reflect  .    (helmet restricted)
rElec   .          Harm     .    (no cloak)
rCorr   .          Rampage  .    (gloves unavailable)
Will    .....                    (boots unavailable)
Stlth   ..........               (no amulet)
HPRegen 0.05/turn                (no ring)
MPRegen 0.08/turn                (no ring)

@: berserking, very quick
A: very small, no large weapons, unfitting armour, see invisible, speed 3
a: Renounce Religion, Berserk


You were on level 1 of the Dungeon.
You worshipped Trog.
Trog was aware of your devotion.
You visited 1 branch of the dungeon, and saw 1 of its levels.

You collected 38 gold pieces.

Inventory:

Hand Weapons
 a - a +0 short sword (weapon)
Armour
 b - a +0 animal skin (worn)


   Skills:
 + Level 2.5 Fighting
 * Level 3.5 Short Blades
 + Level 4.1 Dodging
 + Level 0.9 Stealth


You couldn't memorise any spells.
You didn't know any spells.
Your spell library was empty.

Dungeon Overview and Level Annotations

Branches:
Dungeon (1/15)

Altars:


Innate Abilities, Weirdness & Mutations

You are very small and have problems with some larger weapons.
You are too small for most types of armour.
You have supernaturally acute eyesight. (SInv)
You cover ground extremely quickly. (Speed+++)


Message History

The hobgoblin hits you. The giant cockroach closely misses you.
You hit the hobgoblin.
The hobgoblin is severely wounded.
A kobold comes into view. It is wielding a +0 dagger.
The hobgoblin closely misses you. The giant cockroach misses you.
You hit the hobgoblin but do no damage.
The hobgoblin is severely wounded.
The giant cockroach misses you. The hobgoblin hits you.
You are too injured to fight recklessly!
You are too injured to fight recklessly!
You are too injured to fight recklessly!
You are too injured to fight recklessly!
You are too injured to fight recklessly!
You are too injured to fight recklessly!
You are too injured to fight recklessly!
You are too injured to fight recklessly!
You are too injured to fight recklessly!
You are too injured to fight recklessly!
You are too injured to fight recklessly!
You are too injured to fight recklessly!
You are too injured to fight recklessly!
You are too injured to fight recklessly!
You are too injured to fight recklessly!
You fail to use your ability.
The giant cockroach barely misses you. The hobgoblin hits you.
* * * LOW HITPOINT WARNING * * *
Unknown command.
A red film seems to cover your vision as you go berserk!
You feel yourself moving faster!
You feel mighty! The giant cockroach closely misses you.
The hobgoblin closely misses you.
You closely miss the giant cockroach. The giant cockroach closely misses you.
You puncture the giant cockroach!
You kill the giant cockroach!
Trog accepts your kill.
The kobold throws a stone.
The stone closely misses you. The hobgoblin completely misses you.
You closely miss the kobold. The kobold hits you with a +0 club.
* * * LOW HITPOINT WARNING * * *
The kobold barely misses you. The hobgoblin hits you.
You die...

... . ..
........#.###.###
........#.......#
##.......#.......#
≈##..............#
♣≈##.....#.....Kg###
8♣≈#.....#.....K@..#
♣≈##.....#########.#
~~.............###.#
P≈######.###......(#
8P≈##....##....#####
P≈###.####...###
≈###..##≈≈~~~≈
##....####...#
......# #####


You could see a hobgoblin and 2 kobolds.

Vanquished Creatures
  A ball python (D:1)
  A giant cockroach (D:1)
  2 goblins (D:1)
  A hobgoblin (D:1)
  A rat (D:1)
6 creatures vanquished.

Vanquished Creatures (others)
  4 toadstools (D:1)
4 creatures vanquished.

Grand Total: 10 creatures vanquished

Notes
Turn   | Place    | Note
-------+----------+-------------------------------------------
     0 | D:1      | Setbun the Spriggan Berserker began the quest for the Orb.
     0 | D:1      | Reached XP level 1. HP: 11/11 MP: 2/2
   357 | D:1      | Slain by a hobgoblin

Illustrated notes

Levels and vault maps discovered:
D:1:      ldierk_walled_garden_2, layout_rooms, serial_glass, glass_columns_a,
          glass_columns_b, glass_columns_c, glass_columns_c, glass_columns_a,
          glass_columns_b, glass_columns_a, glass_columns_a, glass_columns_a,
          glass_columns_c, item_on_display_a, feat_on_display,
          item_on_display_a, feat_on_display,
          shapermc_ecumenical_altar_notcrosses, chequers_serial_rivers_micro_a,
          minmay_crystal_room

Action                   || total
-------------------------++-------
Melee: Short sword       ||    23
Invok: Berserk           ||     1
Dodge: Dodged            ||    25

Table legend: (Time is in decaauts)
 A = Elapsed time spent in this place.
 B = Non-inter-level travel time spent in this place.
 C = Inter-level travel time spent in this place.
 D = Time resting spent in this place.
 E = Time spent auto-exploring this place.
 F = Levels seen in this place.
 G = Mean time per level.
                   A        B        C        D        E       F      G
               +--------+--------+--------+--------+--------+-----+--------+
         Total |    331 |    331 |      0 |    181 |    116 |   1 |  331.0 |
       Dungeon |    331 |    331 |      0 |    181 |    116 |   1 |  331.0 |
               +--------+--------+--------+--------+--------+-----+--------+

Top non-repeatable levels by time:
     D:1: 331 daAuts
